 Dungeon Crawl Stone Soup version 0.29.0-15-g675c0067aa (webtiles) character file.

Game seed: 2190950245702209919

3326 groovy9 the Severer (level 10, 0/80 HPs)
             Began as a Hill Orc Fighter on Sept 11, 2022.
             Was an Elder of Okawaru.
             Succumbed to a killer bee's poison
             ... on level 6 of the Dungeon.
             The game lasted 00:16:58 (4235 turns).

groovy9 the Severer (Hill Orc Fighter)              Turns: 4235, Time: 00:16:59

Health: 0/80       AC:  9    Str: 24    XL:     10   Next: 2%
Magic:  11/11      EV:  8    Int:  8    God:    Okawaru [****..]
Gold:   333        SH: 15    Dex: 10    Spells: 9/9 levels left

rFire   . . .      SeeInvis .   a - +1 war axe
rCold   . . .      Faith    .   h - +4 kite shield
rNeg    . . .      Spirit   .   b - +0 scale mail
rPois   .          Reflect  .   m - +0 helmet
rElec   .          Harm     .   (no cloak)
rCorr   .          Rampage  .   j - +0 pair of gloves
Will    .....                   (no boots)
Stlth   ..........              c - amulet of regeneration
HPRegen 1.03/turn               (no ring)
MPRegen 0.12/turn               (no ring)

@: mighty, lethally poisoned (0 -> -2)
A: no striking features
a: Renounce Religion, Heroism, Finesse


You were on level 6 of the Dungeon.
You worshipped Okawaru.
Okawaru was greatly pleased with you.
You visited 1 branch of the dungeon, and saw 7 of its levels.

You collected 333 gold pieces.

Inventory:

Hand Weapons
 a - a +1 war axe (weapon)
 p - a +2 mace of protection
Missiles
 o - 14 boomerangs of dispersal (quivered)
Armour
 b - a +0 scale mail (worn)
 h - a +4 kite shield (worn)
 j - a +0 pair of gloves (worn)
 m - a +0 helmet (worn)
Jewellery
 c - an amulet of regeneration (around neck)
Scrolls
 k - 2 scrolls of identify
 n - a scroll of amnesia
Potions
 d - 2 potions of might
 e - 3 potions of cancellation
 f - 3 potions of lignification
 l - a potion of flight
 s - 3 potions of mutation


   Skills:
 + Level 4.4 Fighting
 - Level 16.5 Axes
 * Level 1.3 Throwing
 + Level 4.0 Armour
 + Level 10.4 Shields
 + Level 2.3 Invocations


You had 9 spell levels left.
You didn't know any spells.
Your spell library contained the following spells:

 Spells                   Type           Power      Damage    Failure   Level
 Beastly Appendage        Tmut           0%         N/A       92%         1
 Wereblood                Tmut           0%         N/A       98%         2
 Spider Form              Tmut/Pois      0%         N/A       100%        3
 Storm Form               Tmut/Air       0%         N/A       100%        7
 Maxwell's Capacitive Co  Air            0%         ∞         100%        8
 Summon Lightning Spire   Summ/Air       Unusable   N/A       N/A         4

Dungeon Overview and Level Annotations

Branches:
Dungeon (7/15)             Temple (0/1) D:5

Altars:
Kikubaaqudgha
Okawaru
Wu Jian

Shops:
D:1 [   D:6 ?


Message History

The killer bee stings you but does no damage.
The killer bee stings you!
* * * LOW HITPOINT WARNING * * *
You closely miss the killer bee. x2; You feel sick.
The killer bee closely misses you. You block the killer bee's attack. x2
The killer bee stings you but does no damage.
You slash the killer bee!
The killer bee is almost dead.
You slash the killer bee!
You feel sick. You block the killer bee's attack. x2
You closely miss the killer bee.
The killer bee is almost dead.
You barely miss the killer bee.
You feel sick.
You block the killer bee's attack. x2; The killer bee stings you.
* * * LOW HITPOINT WARNING * * *
You are more poisoned.
The killer bee poisons you!
The killer bee stings you but does no damage.
You miss the killer bee.
The killer bee is almost dead.
You slash the killer bee!
You kill the killer bee!
Okawaru accepts your kill.
* * * LOW HITPOINT WARNING * * *
You feel very sick. The killer bee stings you.
* * * LOW HITPOINT WARNING * * *
You miss the killer bee.
The killer bee is almost dead.
* * * LOW HITPOINT WARNING * * *
You feel sick. You block the killer bee's attack.
The killer bee stings you but does no damage.
You miss the killer bee.
The killer bee is almost dead.
* * * LOW HITPOINT WARNING * * *
You feel sick. You block the killer bee's attack.
The killer bee stings you but does no damage.
You slash the killer bee!
You kill the killer bee!
Okawaru accepts your kill.
You die...

###########...<.........####..###
#.............#......#.
#.............#......'.
#.............#......#.
#.............#......#.
#.............#......#.
#####.............#..).###.
#####...######.....#'#####'###.
#............#@....#........#..
#............#.....#........#..
#............#.....#........#..
#............'.....#........#..
##............#.....##########..
#...#######...#.....# ###
###......###'##.....#
#.>....#....#.....#
###......#....#.....#


There were no monsters in sight!

Vanquished Creatures
  Pikel (D:4)
  A human (D:7)
  A steam dragon (D:4)
  A black bear (D:4)
  A phantom (D:4)
  2 bullfrogs (D:6)
  The ghost of Itachiuchiha the Magician, an amateur DEFE of Ashenzari (D:3)
  A kobold brigand (D:6)
  2 scorpions
  3 killer bees
  A howler monkey (D:6)
  3 jellies
  5 hounds
  2 orc priests
  3 iguanas
  A gnoll bouda (D:4)
  2 orc wizards
  11 gnolls
  6 adders
  2 shadow imps
  A white imp (D:5)
  An ufetubus (D:3)
  A worm (D:4)
  2 dart slugs
  5 orcs
  6 ball pythons
  6 endoplasms
  2 giant cockroaches (D:2)
  5 goblins
  6 hobgoblins
  7 jackals
  4 quokkas
  A bat (D:1)
  A frilled lizard (D:2)
  12 kobolds
  7 rats
117 creatures vanquished.

Notes
Turn   | Place    | Note
-------+----------+-------------------------------------------
     0 | D:1      | groovy9 the Hill Orc Fighter began the quest for the Orb.
     0 | D:1      | Reached XP level 1. HP: 19/19 MP: 1/1
    27 | D:1      | Found a faded altar of an unknown god.
    37 | D:1      | Reached skill level 3 in Axes
    42 | D:1      | Reached XP level 2. HP: 6/26 MP: 2/2
   341 | D:1      | Found Rygit's Antique Armour Emporium.
   436 | D:1      | Reached skill level 4 in Axes
   941 | D:2      | Reached XP level 3. HP: 29/31 MP: 3/3
  1111 | D:2      | Reached skill level 5 in Axes
  1532 | D:3      | Reached XP level 4. HP: 39/39 MP: 4/4
  1644 | D:3      | Reached skill level 6 in Axes
  1792 | D:3      | Reached XP level 5. HP: 43/45 MP: 5/5
  1889 | D:3      | Found a runed translucent door.
  1920 | D:3      | Noticed Itachiuchiha's ghost (amateur DEFE)
  1938 | D:3      | Found an iron altar of Okawaru.
  1946 | D:3      | Became a worshipper of Warmaster Okawaru
  2156 | D:3      | Killed Itachiuchiha's ghost
  2208 | D:4      | Reached skill level 7 in Axes
  2218 | D:4      | Noticed Pikel
  2218 | D:4      | Noticed a lemure
  2218 | D:4      | Noticed a lemure
  2218 | D:4      | Noticed a lemure
  2219 | D:4      | Noticed a lemure
  2228 | D:4      | Killed Pikel
  2228 | D:4      | Reached * piety under Okawaru
  2228 | D:4      | Reached ** piety under Okawaru
  2228 | D:4      | HP: 2/45 [iguana (8)]
  2229 | D:4      | Reached skill level 9 in Axes
  2229 | D:4      | Reached skill level 5 in Shields
  2229 | D:4      | Reached XP level 6. HP: 3/51 MP: 6/6
  2229 | D:4      | Reached XP level 7. HP: 3/57 MP: 7/7
  2408 | D:4      | Reached *** piety under Okawaru
  2510 | D:4      | Reached skill level 10 in Axes
  2510 | D:4      | Reached XP level 8. HP: 64/64 MP: 8/8
  2656 | D:4      | Reached skill level 11 in Axes
  2757 | D:4      | Reached skill level 16 in Axes
  2757 | D:4      | Reached skill level 10 in Shields
  2757 | D:4      | Reached XP level 9. HP: 70/70 MP: 9/9
  2769 | D:5      | Entered Level 5 of the Dungeon
  2935 | D:5      | Found a staircase to the Ecumenical Temple.
  3040 | D:5      | Found an ancient bone altar of Kikubaaqudgha.
  3084 | D:5      | Reached skill level 1 in Invocations
  3094 | D:5      | Found an ornate altar of the Wu Jian Council.
  3436 | D:5      | Reached **** piety under Okawaru
  3743 | D:6      | Found Byagauco's Magic Scroll Emporium.
  4201 | D:7      | Reached skill level 1 in Throwing
  4210 | D:7      | Reached XP level 10. HP: 40/80 MP: 11/11
  4232 | D:6      | HP: 3/80 [killer bee (3)]
  4234 | D:6      | HP: 1/80 [poisoned by a killer bee]
  4235 | D:6      | Succumbed to a killer bee's poison

Illustrated notes

Levels and vault maps discovered:
D:1:      dpeg_arrival_stone_temple_mockup, layout_basic, serial_shops, shop,
          shapermc_ecumenical_altar_starsandcircs
D:2:      layout_loops_cross, minmay_misc_feat_roman
D:3:      layout_basic, okawaru_metal_pillars_3, hellmonk_ghost_happy_afterlife
D:4:      layout_rooms, lemuel_another_geyser, uniq_pikel
D:5:      layout_basic, kiku_gazebo_pond_becter, mainiacjoe_overflow_24_doors,
          temple_hall
D:6:      layout_gridville, serial_shops, shop, minmay_unpleasant_kobolds
D:7:      layout_rooms, minmay_ruffians

Skill      XL: |  1  2  3  4  5  6  7  8  9 |
---------------+----------------------------+-----
Axes           | 3 4 5 6 9 10 16 | 16.5
Shields        | 5 6 10 | 10.4
Invocations    | 2 |  2.3
Fighting       | 4 |  4.4
Throwing       | 1 |  1.3
Armour         | 4 |  4.0

Action                   |  1- 3 |  4- 6 |  7- 9 | 10-12 || total
-------------------------+-------+-------+-------+-------++-------
Melee: War axe           |   102 |    72 |   194 |     8 ||   376
  Use: Scroll            |     3 |       |    10 |       ||    13
       Potion            |       |     1 |     3 |     2 ||     6
Armor: Scale mail        |    33 |    37 |    44 |    10 ||   124
Dodge: Dodged            |    31 |    19 |    47 |     5 ||   102
Block: Buckler           |     4 |       |       |       ||     4
       Kite shield       |    53 |    37 |   104 |    27 ||   221
